 Dungeon Crawl Stone Soup version 0.31-a0-1074-g0b22e4e0f1 (webtiles) character file.

Game seed: 8887115069392848725

31 grandjackal the Trooper (level 3, 0/33 HPs)
             Began as a Ghoul Monk on Nov 29, 2023.
             Slain by Natasha (8 damage)
             ... on level 2 of the Dungeon.
             The game lasted 00:00:40 (624 turns).

grandjackal the Trooper (Ghoul Monk)                 Turns: 624, Time: 00:00:41

Health: 0/33       AC:  2    Str: 14    XL:     3   Next: 22%
Magic:  2/2        EV: 12    Int: 11    God:
Gold:   20         SH:  0    Dex: 11    Spells: 2/2 levels left

rFire   . .          .
                       - Unarmed
rCold   + . .        c - orb {light}
rNeg    + + +        a - +0 robe
rPois   ∞            (no helmet)
rElec   .            (no cloak)
rCorr   .            (no gloves)
SInv    .            (no boots)
Will    .....        (no amulet)
Stlth   +            (no ring)
HPRegen 0.00/turn    (no ring)
MPRegen 0.08/turn

%: no passive effects
@: inhibited regen, slowed, glowing, very slow
A: claws 1, cold resistance 1, negative energy resistance 3, inhibited
regeneration, torment resistance 2, devour on kill
a: no special abilities


You were on level 2 of the Dungeon.
You visited 1 branch of the dungeon, and saw 2 of its levels.

You collected 20 gold pieces.

Inventory:

Armour
 a - a +0 robe (worn)
 c - an orb of light (worn)
Scrolls
 f - a scroll of identify {unknown}
Potions
 b - a potion of ambrosia
 d - a potion of mutation {unknown}
 e - 2 potions of curing {unknown}


   Skills:
 + Level 3.9 Fighting
 - Level 3.0 Dodging
 + Level 3.9 Unarmed Combat


You had 2 spell levels left.
You didn't know any spells.
Your spell library was empty.

Dungeon Overview and Level Annotations

Branches:
Dungeon (2/15)

Altars:

Annotations:
D:2 Natasha


Innate Abilities, Weirdness & Mutations

You are immune to poison.
You have sharp fingernails.
Your flesh is cold resistant. (rC+)
You are immune to negative energy. (rN+++)
You do not regenerate when monsters are visible.
You are immune to unholy pain and torment.
You thrive by killing the living.


Message History

f - a scroll labelled IRGHIYZODAPP You see here 3 stones.
Done exploring.
You scratch the fungus.
The fungus begins to die.
The fungus is lightly damaged.
You claw the fungus!
The fungus is lightly damaged.
You claw the fungus!
The fungus is lightly damaged.
You scratch the fungus.
The fungus is lightly damaged.
You scratch the fungus.
The fungus is lightly damaged.
A nearby fungus withers and dies.
Done exploring.
Done exploring.
There is a stone staircase leading down here.
You climb downwards.
Found 13 gold pieces.
There is a stone staircase leading up here.
Natasha is nearby!
Found a scroll labelled NUURGH WUKLEADI.
Natasha wildly gestures.
Natasha glows brightly for a moment.
Natasha stares at you and mumbles some strange words.
You feel yourself slow down. Natasha claws you!
Natasha claws you but does no damage.
You scratch Natasha but do no damage. Natasha barely misses you.
You scratch Natasha but do no damage. Natasha claws you!
You are too injured to fight recklessly!
You are too injured to fight recklessly!
You scratch Natasha.
Natasha is moderately wounded.
Natasha claws you!
* * * LOW HITPOINT WARNING * * *
Natasha mumbles some strange words.
Natasha shimmers violently.
Natasha claws you!
You die...
Natasha curls up and begins to purr.

.... ## #...
.### .##...
.... ....#
..# ...##..#
# #......#
..####.h....#
.......@....#
###?......$.#
####...##.#
#.<.# #
#......#
..........#
###..###.#.#
.... .# #
..#.. #


You could see Natasha.

Vanquished Creatures
  A dart slug (D:1)
  2 endoplasms (D:1)
  A giant cockroach (D:1)
  A goblin (D:1)
  A hobgoblin (D:1)
  3 jackals (D:1)
  A kobold (D:1)
  A quokka (D:1)
  6 ball pythons (D:1)
  3 bats (D:1)
  2 frilled lizards (D:1)
  6 rats (D:1)
28 creatures vanquished.

Notes
Turn   | Place    | Note
-------+----------+-------------------------------------------
     0 | D:1      | grandjackal the Ghoul Monk began the quest for the Orb.
     0 | D:1      | Reached XP level 1. HP: 19/19 MP: 0/0
   125 | D:1      | Reached XP level 2. HP: 23/26 MP: 1/1
   248 | D:1      | Reached XP level 3. HP: 32/33 MP: 2/2
   618 | D:2      | Noticed Natasha
   624 | D:2      | Slain by Natasha

Illustrated notes

Levels and vault maps discovered:
D:1:      lemuel_arrival_lava_pool, layout_rooms, minmay_shallow_snake_nest
D:2:      layout_basic, serial_bayou_pond_d, uniq_natasha, uniq_terence

Skill      XL: |  1  2 |
---------------+-------+-----
Dodging        | 3 |  3.0
Fighting       | |  3.9
Unarmed Combat | |  3.9

Action                     || total
---------------------------++-------
  Melee: Unarmed           ||    65
 Armour: Robe              ||    32
  Dodge: Dodged            ||    30

Table legend: (Time is in decaauts)
 A = Elapsed time spent in this place.
 B = Non-inter-level travel time spent in this place.
 C = Inter-level travel time spent in this place.
 D = Time resting spent in this place.
 E = Time spent auto-exploring this place.
 F = Levels seen in this place.
 G = Mean time per level.
                   A        B        C        D        E       F      G
               +--------+--------+--------+--------+--------+-----+--------+
         Total |    621 |    590 |     31 |      0 |    469 |   2 |  310.5 |
       Dungeon |    621 |    590 |     31 |      0 |    469 |   2 |  310.5 |
               +--------+--------+--------+--------+--------+-----+--------+

Top non-repeatable levels by time:
     D:1: 614 daAuts
     D:2: 7 daAuts
